 Dungeon Crawl Stone Soup version 0.30-a0-1008-g30c9307041 (webtiles) character file.

Game seed: 17052054529164192850

308 retardedninja the Trooper (level 6, 0/57 HPs)
             Began as a Naga Fighter on Apr 5, 2023.
             Slain by Pikel
             ... wielding a +2 whip of freezing
              (5 damage)
             ... on level 4 of the Dungeon.
             The game lasted 00:03:26 (3237 turns).

retardedninja the Trooper (Naga Fighter)            Turns: 3237, Time: 00:03:27

Health: 0/57       AC:  7    Str: 20    XL:     6   Next: 40%
Magic:  6/6        EV:  5    Int:  8    God:
Gold:   269        SH:  4    Dex: 11    Spells: 5/5 levels left

rFire   . . .      SeeInvis +    a - +0 war axe
rCold   . . .      Faith    .    c - +0 buckler
rNeg    . . .      Spirit   .    k - +0 chain mail
rPois   +          Reflect  .    (no helmet)
rElec   .          Rampage  .    (no cloak)
rCorr   .                        (no gloves)
Will    .....                    (no barding) Stlth
                                 (no amulet)
HPRegen 0.29/turn                (no ring)
MPRegen 0.10/turn                (no ring)

@: very slow
A: AC +2, large, see invisible, deformed body, poison resistance, slowness 2,
spit poison 1, naga tail 1
a: Spit Poison


You were on level 4 of the Dungeon.
You visited 1 branch of the dungeon, and saw 4 of its levels.

You collected 269 gold pieces.

Inventory:

Hand Weapons
 a - a +0 war axe (weapon)
Armour
 c - a +0 buckler (worn)
 k - a +0 chain mail (worn)
 o - the +2 helmet "Cicaq" {Slay+6}
   (You took it off Robin on level 4 of the Dungeon)

   Slay:      It affects your accuracy & damage with ranged weapons and melee
   (+6).
Scrolls
 b - a scroll of enchant armour {unknown}
 f - 7 scrolls of identify {unknown}
 g - 2 scrolls of brand weapon {unknown}
 h - a scroll of vulnerability {unknown}
 i - a scroll of amnesia {unknown}
 m - a scroll of teleportation {unknown}
Potions
 d - 2 potions of might
 e - a potion of cancellation {unknown}
 j - a potion of heal wounds {unknown}
 l - a potion of mutation {unknown}
 n - a potion of haste {unknown}


   Skills:
 + Level 4.3 Fighting
 + Level 3.6 Axes
 + Level 3.5 Armour
 + Level 3.9 Shields


You had 5 spell levels left.
You didn't know any spells.
Your spell library contained the following spells:

 Spells                   Type           Power      Damage    Failure   Level
 Magic Dart               Conj           0%         1d3       99%         1
 Call Imp                 Summ           0%         N/A       99%         2
 Dazzling Flash           Conj/Hex       0%         N/A       100%        3
 Mephitic Cloud           Conj/Pois/Air  0%         N/A       100%        3
 Agony                    Necr           0%         N/A       100%        5
 Silence                  Hex/Air        0%         N/A       100%        5


Dungeon Overview and Level Annotations

Branches:
Dungeon (4/15)
 Temple: D:4-7

Altars:
Elyvilon
Ru
Zin

Annotations:
D:4 Pikel


Innate Abilities, Weirdness & Mutations

Your serpentine skin is tough. (AC +2)
You have supernaturally acute eyesight. (SInv)
Armour fits poorly on your strangely shaped body.
Your system is resistant to poisons. (rPois)
You cover ground very slowly.
You can spit poison.
You have a snake-like lower body.


Message History

The lemure is moderately wounded.
The lemure hits you but does no damage.
There are monsters nearby!
You slash the lemure!
The lemure is severely wounded.
You hit Pikel but do no damage. Pikel hits you but does no damage.
You slash Pikel!
Pikel is lightly wounded.
Pikel hits you with a +2 whip of freezing.
Pikel freezes you.
Pikel hits you with a +2 whip of freezing!
Pikel freezes you.
You barely miss Pikel.
Pikel is lightly wounded.
Pikel hits you with a +2 whip of freezing.
Pikel freezes you.
You slash Pikel!
Pikel is heavily wounded.
Pikel hits you with a +2 whip of freezing.
Pikel freezes you.
You hit Pikel but do no damage.
Pikel is heavily wounded.
The endoplasm jiggles.
Pikel barely misses you. x2
You closely miss Pikel.
Pikel is heavily wounded.
Pikel hits you but does no damage.
You barely miss Pikel.
Pikel is heavily wounded.
Pikel hits you but does no damage.
You closely miss Pikel.
Pikel is heavily wounded.
Pikel hits you with a +2 whip of freezing.
Pikel freezes you.
* * * LOW HITPOINT WARNING * * *
The endoplasm jiggles.
Pikel hits you with a +2 whip of freezing!
* * * LOW HITPOINT WARNING * * *
Pikel freezes you.
You die...

#.#
#.#.##.###.##
#.# #.#.##.#
#.# #.#
#.########.##
#.#
#.#...###...#
#.#
#...♣....._..
#.#
###...###...#
# #.# #####
##.##
#.###5##.#
#.#
#...J5K@.#
##.##
#####5####
#...# #
###.♣.#
#.#...#
#.##.##
#....# ##.###
#.# #.#


You could see Pikel, 3 lemures and an endoplasm.

Vanquished Creatures
  The ghost of qeuew the Ducker, a weakling MfGl (D:3)
  An orc priest (D:3)
  An iguana (D:4)
  Jessica (D:3)
  2 orc wizards (D:3)
  Robin (D:4)
  4 adders
  A dart slug (D:3)
  2 orcs (D:3)
  4 bats
  8 endoplasms
  4 giant cockroaches
  8 hobgoblins
  4 jackals (D:2)
  3 quokkas
  7 ball pythons
  4 frilled lizards
  14 goblins
  6 kobolds
  7 rats
83 creatures vanquished.

Notes
Turn   | Place    | Note
-------+----------+-------------------------------------------
     0 | D:1      | retardedninja the Naga Fighter began the quest for the Orb.
     0 | D:1      | Reached XP level 1. HP: 21/21 MP: 1/1
   235 | D:1      | Reached XP level 2. HP: 24/28 MP: 2/2
   979 | D:1      | Reached XP level 3. HP: 34/34 MP: 3/3
  1175 | D:2      | Found a glowing silver altar of Zin.
  1416 | D:2      | Reached XP level 4. HP: 28/42 MP: 4/4
  1683 | D:3      | Reached XP level 5. HP: 16/50 MP: 5/5
  1818 | D:3      | Found a runed translucent door.
  1818 | D:3      | Noticed qeuew's ghost (weakling MfGl)
  1943 | D:3      | Noticed Jessica
  1950 | D:3      | Killed Jessica
  1951 | D:3      | Reached skill level 4 in Fighting
  2203 | D:3      | Found a sacrificial altar of Ru.
  2319 | D:3      | Killed qeuew's ghost
  2320 | D:3      | Reached XP level 6. HP: 29/57 MP: 6/6
  2743 | D:4      | Identified the +2 helmet "Cicaq" {Slay+6}
  2743 | D:4      | Noticed Robin
  2755 | D:4      | Killed Robin
  3137 | D:4      | Found a white marble altar of Elyvilon.
  3225 | D:4      | Noticed Pikel
  3237 | D:4      | Slain by Pikel

Illustrated notes

Levels and vault maps discovered:
D:1:      lightli_arrival_boilingwater, layout_loops_corners
D:2:      layout_rooms, basic_altar
D:3:      layout_rooms, nicolae_ru_awakened_eye, hellmonk_ghost_happy_afterlife,
          uniq_jessica
D:4:      layout_loops_ring, elyvilon_altar_1, uniq_edmund, uniq_pikel,
          uniq_robin, uniq_ijyb

Skill      XL: |  1  2  3  4  5 |
---------------+----------------+-----
Shields        | 3 |  3.9
Armour         | 3 |  3.5
Axes           | 3 |  3.6
Fighting       | 4 |  4.3

Action                     |  1- 3 |  4- 6 || total
---------------------------+-------+-------++-------
  Melee: War axe           |   109 |   124 ||   233
    Use: Potion            |       |     2 ||     2
 Armour: Scale mail        |    48 |       ||    48
         Chain mail        |    21 |    80 ||   101
  Dodge: Dodged            |    61 |    36 ||    97
  Block: Buckler           |    30 |    34 ||    64

Table legend: (Time is in decaauts)
 A = Elapsed time spent in this place.
 B = Non-inter-level travel time spent in this place.
 C = Inter-level travel time spent in this place.
 D = Time resting spent in this place.
 E = Time spent auto-exploring this place.
 F = Levels seen in this place.
 G = Mean time per level.
                   A        B        C        D        E       F      G
               +--------+--------+--------+--------+--------+-----+--------+
         Total |   4064 |   3959 |    105 |    768 |   2498 |   4 | 1016.0 |
       Dungeon |   4064 |   3959 |    105 |    768 |   2498 |   4 | 1016.0 |
               +--------+--------+--------+--------+--------+-----+--------+

Top non-repeatable levels by time:
     D:1: 1416 daAuts
     D:3: 1262 daAuts
     D:2: 736 daAuts
     D:4: 648 daAuts
